 Dungeon Crawl Stone Soup version 0.31-a0-152-g6aa68a64a1 (webtiles) character file.

Game seed: 376624846575535358

567 qw the Shooter (level 7, -1/56 (64) HPs)
             Began as a Naga Hunter on June 10, 2023.
             Slain by a wight
             ... wielding a +4 spear
              (9 damage)
             ... on level 4 of the Dungeon.
             The game lasted 00:01:02 (2434 turns).

qw the Shooter (Naga Hunter)                        Turns: 2434, Time: 00:01:02

HP:   -1/56 (64)    AC:  4    Str: 13    XL:     7   Next: 33%
MP:   7/7           EV: 10    Int: 10    God:
Gold: 168           SH:  0    Dex: 16    Spells: 6/6 levels left

rFire   . . .        Y - +0 shortbow (elec)
rCold   . . .        (shield currently unavailable)
rNeg    . . .        c - +0 leather armour
rPois   +            b - +0 helmet
rElec   .            (no cloak)
rCorr   .            (no gloves)
SInv    +            (no barding)
Will    .....        (no amulet)
Stlth   ++           (no ring)
HPRegen 0.29/turn    (no ring)
MPRegen 0.10/turn

%: no passive effects
@: about to teleport, heavily drained, very slow
A: AC +2, large, see invisible, deformed body, poison resistance, slowness 2,
spit poison 1, naga tail 1
a: Spit Poison


You were on level 4 of the Dungeon.
You visited 1 branch of the dungeon, and saw 4 of its levels.

You collected 168 gold pieces.


Innate Abilities, Weirdness & Mutations

Your serpentine skin is tough. (AC +2)
You have supernaturally acute eyesight. (SInv)
Armour fits poorly on your strangely shaped body.
Your system is resistant to poisons. (rPois)
You cover ground very slowly.
You can spit poison.
You have a snake-like lower body.


   Skills:
 - Level 4.0 Fighting
 + Level 7.0 Ranged Weapons
 - Level 2.1 Dodging
 - Level 1.5 Stealth


You had 6 spell levels left.
You didn't know any spells.
Your spell library was empty.

Inventory:

Hand Weapons
 Y - a +0 shortbow of electrocution (weapon)
Armour
 b - a +0 helmet (worn)
 c - a +0 leather armour (worn)
Jewellery
 e - a ring of ice
Scrolls
 a - 3 scrolls of identify
Potions
 g - a potion of curing

Dungeon Overview and Level Annotations

Branches:
Dungeon (4/15)
 Temple: D:4-7

Altars:
Sif Muna

Annotations:
D:4 1 transporter, exclusion: 8 wights, qw's ghost, amateur MiHu


Message History

The wight is moderately damaged.
You shoot an arrow. The arrow closely misses the wight.
You shoot an arrow. The arrow closely misses the wight.
The wight hits you from afar with a +4 spear.
You shoot an arrow. The arrow barely misses the wight.
The wight hits you from afar with a +4 spear.
You feel drained.
You shoot an arrow. The arrow barely misses the wight.
The wight hits you from afar with a +4 spear.
You feel drained.
You shoot an arrow. The arrow hits the wight.
The wight is moderately damaged.
The wight hits you from afar with a +4 spear!
You shoot an arrow. The arrow hits the wight.
The wight is heavily damaged.
The wight hits you from afar with a +4 spear.
You feel drained.
You shoot an arrow. The arrow hits the wight.
The wight is severely damaged.
The wight hits you from afar with a +4 spear.
Enter note:
Enter note:
Enter note:
Enter note: The wight closely misses you.
The wight hits you from afar with a +4 spear.
You feel drained.
Enter note:
Enter note:
Enter note:
Enter note:
Enter note:
Enter note: The wight hits you from afar with a +4 spear!
You feel drained.
2434 ||| READING scroll of teleportation.
As you read the scroll of teleportation, it crumbles to dust.
You feel strangely unstable.
The wight hits you from afar with a +4 spear!
You die...

##### #####...#
#....)..#
#####.#####...#
####....z# ....#
.........# .....
###.####@# .#
#.# # #.#####.#
# #.......#
#.######.....#
#............#
.............##
.#####.###...# .
#.#####[#.......
#.
#.............##


You could see a wight.

Vanquished Creatures
  Sigmund (D:4)
  An ogre (D:4)
  2 wights (D:4)
  A jelly (D:4)
  A hound (D:3)
  Jessica (D:3)
  Robin (D:3)
  3 adders
  2 dart slugs
  An orc (D:3)
  7 ball pythons
  6 endoplasms
  3 giant cockroaches
  14 goblins
  8 hobgoblins
  11 jackals
  3 quokkas
  2 bats
  4 frilled lizards
  7 kobolds
  3 rats
82 creatures vanquished.

Notes
Turn   | Place    | Note
-------+----------+-------------------------------------------
     0 | D:1      | qw the Naga Hunter began the quest for the Orb.
     0 | D:1      | Reached XP level 1. HP: 19/19 MP: 1/1
     0 | D:1      | 0 ||| qw: Version: 0.2-a-123-gb51047a
     0 | D:1      | 0 ||| qw: Game counter: 3698
     0 | D:1      | 0 ||| qw: Always use a shield: true
     0 | D:1      | 0 ||| qw: God list: Okawaru
     0 | D:1      | 0 ||| qw: Allow faded altars: false
     0 | D:1      | 0 ||| qw: Do Orc after D:15 true
     0 | D:1      | 0 ||| qw: Do second Lair branch before Depths: true
     0 | D:1      | 0 ||| qw: Lair rune preference: random
     0 | D:1      | 0 ||| qw: Plans: Normal
     0 | D:1      | 0 ||| PLANNING D:1-11
    18 | D:1      | 18 ||| INVOKING Spit Poison.
    24 | D:1      | 24 ||| INVOKING Spit Poison.
    74 | D:1      | 74 ||| INVOKING Spit Poison.
    79 | D:1      | 79 ||| INVOKING Spit Poison.
   142 | D:1      | 142 ||| INVOKING Spit Poison.
   153 | D:1      | Reached skill level 4 in Ranged Weapons
   153 | D:1      | Reached XP level 2. HP: 26/26 MP: 2/2
   159 | D:1      | 159 ||| INVOKING Spit Poison.
   162 | D:1      | 162 ||| INVOKING Spit Poison.
   167 | D:1      | 167 ||| INVOKING Spit Poison.
   172 | D:1      | 172 ||| DROPPING +0 sling of draining.
   205 | D:1      | Found a faded altar of an unknown god.
   207 | D:1      | 207 ||| INVOKING Spit Poison.
   253 | D:1      | 253 ||| INVOKING Spit Poison.
   271 | D:1      | 271 ||| INVOKING Spit Poison.
   277 | D:1      | 277 ||| INVOKING Spit Poison.
   379 | D:1      | 379 ||| INVOKING Spit Poison.
   564 | D:1      | 564 ||| INVOKING Spit Poison.
   565 | D:1      | Reached XP level 3. HP: 32/32 MP: 3/3
   569 | D:1      | 569 ||| INVOKING Spit Poison.
   699 | D:1      | 699 ||| READING 4 scrolls labelled FOOPPE ILOOXO.
   700 | D:1      | 700 ||| READING scroll labelled YHUMPE WENNUE.
   701 | D:1      | 701 ||| DROPPING scroll of butterflies.
   751 | D:2      | 751 ||| INVOKING Spit Poison.
   766 | D:2      | 766 ||| INVOKING Spit Poison.
   780 | D:2      | 780 ||| INVOKING Spit Poison.
   803 | D:2      | 803 ||| INVOKING Spit Poison.
   807 | D:2      | 807 ||| INVOKING Spit Poison.
   835 | D:2      | 835 ||| INVOKING Spit Poison.
   845 | D:2      | 845 ||| INVOKING Spit Poison.
   865 | D:2      | 865 ||| INVOKING Spit Poison.
   947 | D:2      | 947 ||| INVOKING Spit Poison.
   970 | D:2      | 970 ||| INVOKING Spit Poison.
   975 | D:2      | 975 ||| INVOKING Spit Poison.
   992 | D:2      | 992 ||| INVOKING Spit Poison.
  1052 | D:2      | 1052 ||| INVOKING Spit Poison.
  1076 | D:2      | Found a shimmering blue altar of Sif Muna.
  1165 | D:2      | 1165 ||| INVOKING Spit Poison.
  1241 | D:2      | 1241 ||| INVOKING Spit Poison.
  1242 | D:2      | Reached skill level 5 in Ranged Weapons
  1285 | D:2      | 1285 ||| READING scroll labelled NALLEGH RACS.
  1290 | D:2      | 1290 ||| READING scroll labelled PEUBOXTALE.
  1319 | D:3      | Noticed Robin
  1320 | D:3      | 1320 ||| INVOKING Spit Poison.
  1321 | D:3      | Reached XP level 4. HP: 39/39 MP: 4/4
  1321 | D:3      | 1321 ||| Stepping ~*~*~tactically~*~*~ (outnumbered).
  1326 | D:3      | 1326 ||| INVOKING Spit Poison.
  1329 | D:3      | 1329 ||| INVOKING Spit Poison.
  1332 | D:3      | Killed Robin
  1333 | D:3      | 1333 ||| INVOKING Spit Poison.
  1339 | D:3      | 1339 ||| INVOKING Spit Poison.
  1437 | D:3      | 1437 ||| INVOKING Spit Poison.
  1464 | D:3      | 1464 ||| INVOKING Spit Poison.
  1476 | D:3      | 1476 ||| INVOKING Spit Poison.
  1479 | D:3      | Reached skill level 3 in Fighting
  1493 | D:3      | 1493 ||| INVOKING Spit Poison.
  1526 | D:3      | 1526 ||| INVOKING Spit Poison.
  1531 | D:3      | 1531 ||| INVOKING Spit Poison.
  1534 | D:3      | 1534 ||| INVOKING Spit Poison.
  1539 | D:3      | HP: 10/42 [jackal (3)]
  1540 | D:3      | 1540 ||| INVOKING Spit Poison.
  1745 | D:3      | 1745 ||| INVOKING Spit Poison.
  1789 | D:3      | Noticed Jessica
  1791 | D:3      | 1791 ||| INVOKING Spit Poison.
  1792 | D:3      | Killed Jessica
  1793 | D:3      | Reached XP level 5. HP: 49/49 MP: 5/5
  1951 | D:3      | 1951 ||| INVOKING Spit Poison.
  1958 | D:3      | 1958 ||| INVOKING Spit Poison.
  2078 | D:3      | 2078 ||| INVOKING Spit Poison.
  2158 | D:3      | 2158 ||| INVOKING Spit Poison.
  2162 | D:3      | 2162 ||| INVOKING Spit Poison.
  2174 | D:3      | 2174 ||| UPGRADING to +0 helmet.
  2179 | D:3      | 2179 ||| READING scroll labelled ECLINE YGRAB.
  2180 | D:3      | 2180 ||| READING 3 scrolls labelled COTIVADWAE.
  2181 | D:3      | 2181 ||| READING 6 scrolls of identify.
  2181 | D:3      | 2181 ||| IDENTIFYING murky white potion
  2182 | D:3      | 2182 ||| READING 5 scrolls of identify.
  2182 | D:3      | 2182 ||| IDENTIFYING silvery potion
  2183 | D:3      | 2183 ||| READING 4 scrolls of identify.
  2183 | D:3      | 2183 ||| IDENTIFYING viscous dark potion
  2184 | D:3      | 2184 ||| READING 3 scrolls of identify.
  2184 | D:3      | 2184 ||| IDENTIFYING fuming pink potion
  2185 | D:3      | 2185 ||| DROPPING potion of enlightenment.
  2186 | D:3      | 2186 ||| DROPPING 2 scrolls of poison.
  2187 | D:3      | 2187 ||| DROPPING potion of ambrosia.
  2188 | D:3      | 2188 ||| DROPPING potion of brilliance.
  2235 | D:4      | 2235 ||| INVOKING Spit Poison.
  2267 | D:4      | 2267 ||| INVOKING Spit Poison.
  2270 | D:4      | 2270 ||| INVOKING Spit Poison.
  2279 | D:4      | 2279 ||| INVOKING Spit Poison.
  2310 | D:4      | 2310 ||| INVOKING Spit Poison.
  2311 | D:4      | Reached skill level 6 in Ranged Weapons
  2316 | D:4      | 2316 ||| INVOKING Spit Poison.
  2320 | D:4      | Found a transporter.
  2324 | D:4      | Noticed qw's ghost (amateur MiHu)
  2349 | D:4      | Noticed an ogre
  2349 | D:4      | Noticed Sigmund
  2350 | D:4      | 2350 ||| INVOKING Spit Poison.
  2355 | D:4      | Killed an ogre
  2356 | D:4      | Reached XP level 6. HP: 57/57 MP: 6/6
  2357 | D:4      | 2357 ||| INVOKING Spit Poison.
  2358 | D:4      | Killed Sigmund
  2359 | D:4      | Reached XP level 7. HP: 64/64 MP: 7/7
  2387 | D:4      | Reached skill level 7 in Ranged Weapons
  2433 | D:4      | HP: 12/58 [wight/+4 spear (10)]
  2434 | D:4      | 2434 ||| READING scroll of teleportation.
  2434 | D:4      | Slain by a wight

Levels and vault maps discovered:
D:1:      roderic_crop_circles_arrival_small, layout_rooms,
          shapermc_ecumenical_altar_gd
D:2:      layout_basic, basic_altar, minivault_4,
          hangedman_decor_clover_reticule, kennysheep_small_spiral
D:3:      layout_basic, grunt_ministairs_9, serial_park_tiny_1,
          minmay_misc_feat_rows, uniq_jessica, uniq_robin
D:4:      layout_loops_ring, gammafunk_ghost_stat_death, minivault_5,
          uniq_sigmund

Skill      XL: |  1  2  3  4  5  6  7 |
---------------+----------------------+-----
Ranged Weapons | 4 5 6 7 |  7.0
Fighting       | 3 4 |  4.0
Dodging        | 2 |  2.1
Stealth        | |  1.5

Action                     |  1- 3 |  4- 6 |  7- 9 || total
---------------------------+-------+-------+-------++-------
   Fire: Shortbow          |    72 |    71 |    17 ||   160
Ability: Spit Poison       |    31 |    27 |       ||    58
    Use: Scroll            |     4 |     6 |     1 ||    11
 Armour: Leather armour    |     3 |    12 |       ||    15
  Dodge: Dodged            |    19 |    20 |     3 ||    42

Table legend:
 A = Non-vault XP
 B = Vault XP
 C = Vault XP percentage of total XP
 D = Non-vault monster count
 E = Vault monster count
 F = Vault count percentage of total count
                 A         B        C        D         E       F
            +---------+---------+-------+---------+---------+-------
      Total |     476 |     335 |  41.3 |      70 |      12 |  14.6
            +---------+---------+-------+---------+---------+-------
        D:1 |      35 |       0 |   0.0 |      19 |       0 |   0.0
        D:2 |      46 |       0 |   0.0 |      21 |       0 |   0.0
        D:3 |      53 |     109 |  67.3 |      17 |      11 |  39.3
        D:4 |     342 |     226 |  39.8 |      13 |       1 |   7.1
            +---------+---------+-------+---------+---------+-------
